 Dungeon Crawl Stone Soup version 0.29.1-13-g9f3cf754e1 (webtiles) character file.

Game seed: 14802097168602609752

215 EarthwalkerPL the Trooper (level 5, -1/48 HPs)
             Began as a Minotaur Fighter on Feb 11, 2023.
             Slain by Grinder (4 damage)
             ... while paralysed by Grinder
             ... in a sewer.
             The game lasted 00:02:53 (2533 turns).

EarthwalkerPL the Trooper (Minotaur Fighter)        Turns: 2533, Time: 00:02:54

Health: -1/48      AC:  7    Str: 22    XL:     5   Next: 60%
Magic:  4/4        EV:  2    Int:  5    God:
Gold:   40         SH:  0    Dex: 10    Spells: 4/4 levels left

rFire   . . .      SeeInvis .   a - +0 war axe
rCold   . . .      Faith    .   c - +0 buckler
rNeg    . . .      Spirit   .   b - +0 scale mail
rPois   .          Reflect  .   (helmet restricted)
rElec   .          Harm     .   (no cloak)
rCorr   .          Rampage  .   (no gloves)
Will    .....                   (no boots)
Stlth   ..........              (no amulet)
HPRegen 0.16/turn               (no ring)
MPRegen 0.09/turn               (no ring)

@: paralysed
A: horns 2, retaliatory headbutt
a: no special abilities


You were in a sewer.
You visited 1 branch of the dungeon, and saw 3 of its levels.
You also visited: Sewer.

You collected 40 gold pieces.

Inventory:

Hand Weapons
 a - a +0 war axe (weapon)
Missiles
 s - 6 poisoned darts (quivered)
Armour
 b - a +0 scale mail (worn)
 c - a +0 buckler (worn)
Scrolls
 e - a scroll of identify {unknown}
 j - a scroll of noise {unknown}
 k - 3 scrolls of enchant armour {unknown}
 o - 2 scrolls of immolation
Potions
 d - 2 potions of might
 f - 2 potions of lignification {unknown}
 g - a potion of magic {unknown}
 h - a potion of curing {unknown}
 i - 2 potions of mutation {unknown}
 l - a potion of brilliance {unknown}
 m - 2 potions of berserk rage {unknown}
 n - a potion of resistance {unknown}
 p - a potion of flight {unknown}
 q - 3 potions of heal wounds {unknown}
 r - a potion of invisibility


   Skills:
 * Level 5.2 Fighting
 * Level 4.3 Axes
 * Level 5.0 Armour
 + Level 4.4 Shields


You had 4 spell levels left.
You didn't know any spells.
Your spell library contained the following spells:

 Spells                   Type           Power      Damage    Failure   Level
 Poisonous Vapours        Pois/Air       0%         N/A       95%         2
 Corpse Rot               Necr/Pois/Air  0%         N/A       100%        4
 Dispersal                Tloc           0%         N/A       100%        6
 Disjunction              Tloc           0%         N/A       100%        8


Dungeon Overview and Level Annotations

Branches:
Dungeon (3/15)              Sewer (1/1)

Altars:

Annotations:
Sewer Grinder


Innate Abilities, Weirdness & Mutations

You have a pair of horns on your head.
You reflexively headbutt those who attack you in melee.


Message History

The kobold brigand hits you with a +0 dagger.
You slash the kobold brigand!
The kobold brigand is severely wounded.
The kobold brigand hits you but does no damage.
The kobold brigand hits you with a +0 dagger.
You hit the kobold brigand.
The kobold brigand is severely wounded.
You block the kobold brigand's attack.
You slash the kobold brigand!
You kill the kobold brigand!
A kobold comes into view. It is wielding a +0 whip.
Grinder comes into view.
Your Fighting skill increases to level 5!
Your Armour skill increases to level 5!
The kobold shouts!
Grinder shouts!
Grinder drinks a potion.
Grinder flickers and vanishes!
Deactivating autopickup; reactivate with Ctrl-A.
The kobold hits you with a +0 whip.
You barely miss the kobold. Your headbutt misses the kobold.
You block the kobold's attack.
You hit the kobold.
The kobold is moderately wounded.
The kobold hits you with a +0 whip.
You hit the kobold.
You kill the kobold!
Something hits you.
No target in view!
You start resting.
Something hits you. Something hits you.
You writhe in agony.
Something hits you.
You writhe in agony.
Pain shoots through your body!
There is an open door, spattered with blood here.
Things that are here:
a +0 short sword; 4 stones; a ball python corpse Pain shoots through your body!
* * * LOW HITPOINT WARNING * * *
You suddenly lose the ability to move!
Something hits you.
* * * LOW HITPOINT WARNING * * *
You writhe in agony.
You die...

≈≈≈≈≈≈≈≈≈≈≈≈≈~.#.~~ ≈...≈#
≈≈≈≈≈≈≈≈≈≈≈≈~..#.~≈###'''##
≈≈~≈≈~≈~≈≈≈....#.≈≈##.....## #
##≈##≈##~###.####.###..§...#≈≈
.............≈≈#...#.....§.'..
.)..........≈≈≈≈..)))§._...'..
†)...........≈~#...#...).§.'..
###~#≈≈###≈#.####.###..§...#≈≈
≈≈~≈≈≈≈≈≈~~...#@~≈##.....##
≈≈≈≈≈≈≈≈≈≈≈≈≈..#..≈###'''##
≈≈≈≈≈≈≈≈≈≈≈≈≈~)#.~≈# ≈...~#
≈≈≈≈≈≈≈≈≈≈≈≈≈~.#.~≈# ≈...≈#
≈≈≈≈≈≈≈≈≈≈≈≈≈~.#..≈# ≈...~#
≈≈≈≈≈≈≈≈≈≈≈≈~~.).≈≈##≈...≈#
#################.## ≈≈≈≈≈≈≈
≈~≈~~~~.≈# ~≈≈≈≈≈≈ ≈≈~≈.~..≈#


There were no monsters in sight!

Vanquished Creatures
  A kobold brigand (Sewer)
  A quasit (Sewer)
  An adder (D:2)
  A shadow imp (Sewer)
  3 ufetubi (Sewer)
  A dart slug (D:2)
  8 ball pythons
  A bat zombie (Sewer)
  3 endoplasms
  5 giant cockroaches
  4 goblins
  10 hobgoblins
  4 jackals (D:1)
  5 quokkas (D:1)
  3 bats
  2 frilled lizards
  17 kobolds
  A kobold zombie (Sewer)
  3 rats (D:2)
74 creatures vanquished.

Vanquished Creatures (others)
  An adder zombie (Sewer)
  A giant cockroach zombie (Sewer)
  A kobold zombie (Sewer)
3 creatures vanquished.

Grand Total: 77 creatures vanquished

Notes
Turn   | Place    | Note
-------+----------+-------------------------------------------
     0 | D:1      | EarthwalkerPL the Minotaur Fighter began the quest for the
                  | Orb.
     0 | D:1      | Reached XP level 1. HP: 19/19 MP: 0/0
    76 | D:1      | Reached XP level 2. HP: 22/27 MP: 1/1
   383 | D:1      | Reached XP level 3. HP: 33/33 MP: 2/2
  1384 | D:2      | Found a faded altar of an unknown god.
  2054 | D:3      | Reached XP level 4. HP: 40/41 MP: 3/3
  2082 | D:3      | Found a glowing drain.
  2108 | Sewer    | Entered a sewer
  2489 | Sewer    | Found a burning altar of Makhleb.
  2497 | Sewer    | Reached XP level 5. HP: 41/47 MP: 4/4
  2516 | Sewer    | Noticed Grinder
  2517 | Sewer    | Reached skill level 5 in Fighting
  2517 | Sewer    | Reached skill level 5 in Armour
  2529 | Sewer    | Paralysed by something for 5 turns
  2533 | Sewer    | Slain by Grinder

Illustrated notes

Levels and vault maps discovered:
D:1:      nzn_arrival_crosshair, layout_basic, amcnicky_mini_pool_small
D:2:      layout_basic, hellmonk_ecumenical_altar_blasted
D:3:      layout_loops_corners, cheibrodos_sewer_entry_drain,
          grunt_decor_mini_mirrors, st_stairs_13
Sewer:    kennysheep_sewer_church

Skill      XL: |  1  2  3  4  5 |
---------------+----------------+-----
Fighting       | 4 5 |  5.2
Armour         | 4 5 |  5.0
Axes           | 3 4 |  4.3
Shields        | 4 |  4.4

Action                   |  1- 3 |  4- 6 || total
-------------------------+-------+-------++-------
Melee: War axe           |    94 |    62 ||   156
       Headbutt          |    12 |     8 ||    20
Armor: Scale mail        |    40 |    30 ||    70
Dodge: Dodged            |    39 |    37 ||    76
Block: Buckler           |    23 |    18 ||    41
